 Dungeon Crawl Stone Soup version 0.31-a0-267-g3fc6992b3b (webtiles) character file.

Game seed: 10346065856551227055

74 qw the Shooter (level 4, 0/26 HPs)
             Began as a Gargoyle Hexslinger on July 13, 2023.
             Frozen to death by an endoplasm (5 damage)
             ... on level 2 of the Dungeon.
             The game lasted 00:00:39 (1276 turns).

qw the Shooter (Gargoyle Hexslinger)                Turns: 1276, Time: 00:00:40

Health: 0/26       AC:  6    Str: 11    XL:     4   Next: 28%
Magic:  5/5        EV: 11    Int: 14    God:
Gold:   106        SH:  0    Dex: 14    Spells: 4/5 levels left

rFire   . . .        Y - +1 sling
rCold   . . .        (no shield)
rNeg    + . .        e - +0 leather armour
rPois   inf          (no helmet)
rElec   +            (no cloak)
rCorr   .            (no gloves)
SInv    .            (no boots)
Will    .....        (no amulet)
Stlth   +            (no ring)
HPRegen 0.24/turn    (no ring)
MPRegen 0.09/turn

%: no passive effects
@: no status effects
A: sickness immunity, AC +3, negative energy resistance 1, electricity
resistance, torment resistance 1, petrification resistance
a: no special abilities


You were on level 2 of the Dungeon.
You visited 1 branch of the dungeon, and saw 2 of its levels.

You collected 106 gold pieces.


Innate Abilities, Weirdness & Mutations

You are immune to sickness and miasma.
Your stone body is resilient. (AC +3)
You are immune to poison.
You resist negative energy. (rN+)
You are resistant to electric shocks. (rElec)
You are resistant to unholy torment.
You are immune to petrification.


   Skills:
 - Level 2.0 Fighting
 + Level 4.1 Ranged Weapons
 - Level 1.5 Dodging
 - Level 1.0 Spellcasting
 - Level 2.6 Hexes


You had 4 spell levels left.
You knew the following spells:

 Your Spells              Type           Power      Damage    Failure   Level
a - Slow                  Hex            32%        N/A       12%         1

Your spell library contained the following spells:

 Spells                   Type           Power      Damage    Failure   Level
 Inner Flame              Hex/Fire       4%         N/A       52%         3
 Portal Projectile        Hex/Tloc       8%         N/A       52%         3
 Cause Fear               Hex            4%         N/A       75%         4

Inventory:

Hand Weapons
 Y - a +1 sling (weapon)
Armour
 b - a +3 leather armour
 e - a +0 leather armour (worn)
Jewellery
 h - an amulet of guardian spirit
 i - a ring of wizardry
Scrolls
 a - 3 scrolls of acquirement {unknown}
 d - 2 scrolls of identify
Potions
 c - a potion of cancellation {unknown}
 f - a potion of curing
 g - a potion of enlightenment {unknown}
 j - a potion of might {unknown}
 k - a potion of heal wounds {unknown}

Dungeon Overview and Level Annotations

Branches:
Dungeon (2/15)

Altars:


Message History

You are frozen.
The endoplasm hits the fungus.
The endoplasm barely misses you.
You shoot a sling bullet. The sling bullet hits the endoplasm.
You kill the endoplasm!
A nearby fungus withers and dies.
The endoplasm hits the fungus.
The jelly hits the fungus.
The fungus is splashed with acid.
The acid corrodes the fungus!
You shoot a sling bullet.
The sling bullet hits the endoplasm but does no damage.
A nearby fungus withers and dies.
The endoplasm jiggles.
The endoplasm barely misses you.
You shoot a sling bullet. The sling bullet hits the endoplasm.
The endoplasm is moderately wounded.
A nearby fungus withers and dies.
The endoplasm closely misses you. The endoplasm hits you.
You shoot a sling bullet. The sling bullet hits the endoplasm.
The endoplasm is almost dead.
The endoplasm freezes you.
You are frozen.
The endoplasm barely misses you. The jelly hits you.
You are splashed with acid.
You shoot a sling bullet. The sling bullet hits the endoplasm.
You kill the endoplasm!
The jelly hits you but does no damage. The endoplasm freezes you.
You are frozen.
The jelly completely misses you.
The endoplasm hits you but does no damage.
You shoot a sling bullet. The sling bullet hits the jelly.
The jelly is moderately wounded.
The endoplasm freezes you.
You are frozen.
The jelly barely misses you. The jelly hits you but does no damage.
You shoot a sling bullet. The sling bullet hits the jelly.
The jelly is heavily wounded.
The endoplasm barely misses you. The jelly barely misses you.
The jelly hits you but does no damage.
You shoot a sling bullet. The sling bullet hits the jelly.
The jelly is almost dead.
The endoplasm freezes you.
You are frozen.
You die...

+.....##### ### #........
#?...#########.##.....!###<......
##..|###....#.#.#.PP.PP# ####.##.
##.)##.....#.#.#......# #.##.
#..))..)..#'#.#....%%# ..##.
#.)'........#)#...%..# #####.
##.'........#.#J...P.# #.
#.##.......#.#JJ.%..# #.
#####......##@JJJP..# #.
##.############JJ.%..# #.
#...####### ####### #.
####.#.....># #. .###...###### ##
.(....## #####.# #.# ###.####


You could see 3 jellies and 5 endoplasms.

Vanquished Creatures
  2 adders (D:2)
  A dart slug (D:2)
  3 ball pythons (D:1)
  7 bats
  6 endoplasms
  2 giant cockroaches (D:1)
  4 goblins
  5 hobgoblins
  3 jackals (D:2)
  2 frilled lizards (D:2)
  11 kobolds
  5 rats
51 creatures vanquished.

Notes
Turn   | Place    | Note
-------+----------+-------------------------------------------
     0 | D:1      | qw the Gargoyle Hexslinger began the quest for the Orb.
     0 | D:1      | Reached XP level 1. HP: 12/12 MP: 2/2
     0 | D:1      | 0 ||| qw: Version: 0.3-a-52-g30416fa
     0 | D:1      | 0 ||| qw: Game counter: 7716
     0 | D:1      | 0 ||| qw: Melee chars always use a shield: true
     0 | D:1      | 0 ||| qw: God list: Okawaru
     0 | D:1      | 0 ||| qw: Allow faded altars: false
     0 | D:1      | 0 ||| qw: Do Orc after clearing Dungeon:15 true
     0 | D:1      | 0 ||| qw: Do second Lair branch before Depths: true
     0 | D:1      | 0 ||| qw: Lair rune preference: random
     0 | D:1      | 0 ||| qw: Goals: Normal
     0 | D:1      | 0 ||| PLANNING D:1-11
   105 | D:1      | Reached XP level 2. HP: 15/16 MP: 3/3
   152 | D:1      | Reached skill level 3 in Ranged Weapons
   385 | D:1      | Reached XP level 3. HP: 21/21 MP: 4/4
   423 | D:1      | 423 ||| UPGRADING to +0 leather armour.
   433 | D:1      | 433 ||| DROPPING +0 robe.
   434 | D:1      | 434 ||| READING scroll labelled IRACRO WUCWERR.
   435 | D:1      | 435 ||| READING 4 scrolls labelled JULASOOBES.
   436 | D:1      | 436 ||| READING scroll labelled CIKUDE SOODA.
   437 | D:1      | 437 ||| DRINKING 2 fuming orange potions.
   443 | D:1      | 443 ||| DRINKING 2 red potions.
   444 | D:1      | 444 ||| DROPPING scroll of poison.
   445 | D:1      | 445 ||| DROPPING potion of ambrosia.
   446 | D:1      | 446 ||| DROPPING 3 scrolls of fog.
   851 | D:2      | Reached XP level 4. HP: 26/26 MP: 5/5
  1155 | D:2      | Reached skill level 4 in Ranged Weapons
  1273 | D:2      | HP: 6/26 [frozen (2)]
  1276 | D:2      | Frozen to death by an endoplasm

Levels and vault maps discovered:
D:1:      scummos_arrival_star, layout_rooms, chequers_serial_rivers_room_b
D:2:      cheibrodos_fertilizer, layout_loops_corners

Skill      XL: |  1  2  3  4 |
---------------+-------------+-----
Ranged Weapons | 3 4 |  4.1
Fighting       | 2 |  2.0
Dodging        | |  1.5
Spellcasting   | |  1.0
Hexes          | |  2.6

Action                     |  1- 3 |  4- 6 || total
---------------------------+-------+-------++-------
   Fire: Sling             |   127 |    41 ||   168
    Use: Scroll            |     3 |       ||     3
         Potion            |     2 |       ||     2
 Armour: Robe              |    23 |       ||    23
         Leather armour    |    15 |    21 ||    36
  Dodge: Dodged            |    39 |    29 ||    68

Table legend:
 A = Non-vault XP
 B = Vault XP
 C = Vault XP percentage of total XP
 D = Non-vault monster count
 E = Vault monster count
 F = Vault count percentage of total count
                 A         B        C        D         E       F
            +---------+---------+-------+---------+---------+-------
      Total |      88 |      18 |  17.0 |      39 |      12 |  23.5
            +---------+---------+-------+---------+---------+-------
        D:1 |      36 |       0 |   0.0 |      22 |       0 |   0.0
        D:2 |      52 |      18 |  25.7 |      17 |      12 |  41.4
            +---------+---------+-------+---------+---------+-------
